 Dungeon Crawl Stone Soup version 0.26-a0-1138-gef23d1325b (webtiles) character file.

Game seed: 7080193444483722554

53 ANON1729 the Shooter (level 3, 0/21 HPs)
             Began as a Deep Elf Hunter on Dec 21, 2020.
             Slain by Terence
             ... wielding a +0 morningstar
              (13 damage)
             ... on level 3 of the Dungeon.
             The game lasted 00:01:30 (1676 turns).

ANON1729 the Shooter (Deep Elf Hunter)              Turns: 1676, Time: 00:01:30

Health: 0/21       AC:  3    Str: 10    XL:     3   Next: 62%
Magic:  5/5        EV: 13    Int: 15    God:
Gold:   129        SH:  0    Dex: 15    Spells: 2/2 levels left

rFire    . . .     SeeInvis +   a - +1 shortbow
rCold    . . .     Faith    .   (shield currently unavailable)
rNeg     . . .     Spirit   .   c - +0 leather armour
rPois    .         Reflect  .   (no helmet)
rElec    .         Harm     .   (no cloak)
rCorr    .         Rampage  .   (no gloves)
Will     .....                  (no boots)
Stlth    ++........             (no amulet)
HPRegen  0.07/turn              i - ring of see invisible
MPRegen  0.09/turn              (no ring)

@: no status effects
A: no striking features
a: no special abilities


You were on level 3 of the Dungeon.
You visited 1 branch of the dungeon, and saw 3 of its levels.

You collected 129 gold pieces.

Inventory:

Hand Weapons
 a - a +1 shortbow (weapon)
 b - a +0 short sword
Missiles
 d - 28 arrows (quivered ammo)
Armour
 c - a +0 leather armour (worn)
Jewellery
 i - a ring of see invisible (left hand)
Scrolls
 e - a scroll of remove curse {unknown}
 f - a scroll of teleportation {unknown}
 g - 2 scrolls of identify {unknown}
 j - a scroll of fear {unknown}
 k - a scroll of fog {unknown}
 n - a scroll of amnesia {unknown}
Potions
 h - a potion of cancellation {unknown}
 l - a potion of resistance {unknown}
 m - a potion of heal wounds {unknown}


   Skills:
 + Level 2.1 Fighting
 + Level 5.8 Bows
 + Level 3.2 Dodging
 + Level 2.4 Stealth


You had 2 spell levels left.
You didn't know any spells.
Your spell library was empty.

Dungeon Overview and Level Annotations

Branches:
Dungeon (3/15)

Altars:

Annotations:
D:3 Terence


Message History

You shoot an arrow.
The arrow hits Terence but does no damage.
You shoot an arrow.
The arrow hits Terence but does no damage.
You shoot an arrow. The arrow barely misses Terence.
Terence screams, "I want your blood!" Terence barely misses you.
You shoot an arrow.
The arrow hits Terence but does no damage.
Terence barely misses you.
You shoot an arrow. The arrow closely misses Terence.
Terence misses you.
You shoot an arrow. The arrow closely misses Terence.
You shoot an arrow.
The arrow hits Terence but does no damage.
Terence hits you with a +0 morningstar!
You shoot an arrow.
The arrow hits Terence but does no damage.
Terence hits you with a +0 morningstar!
Ouch! That really hurt!
You die...

..........#
.$.......
##.......##
#.........#
#.........#
#.........#
#......(..#
#...@@...(#
##....$..##
##.....##
#######


You could see Terence.

Vanquished Creatures
  An adder (D:2)
  2 oozes (D:1)
  3 worms (D:2)
  A dart slug (D:2)
  A bat (D:2)
  A giant cockroach (D:1)
  4 goblins
  3 hobgoblins
  3 jackals (D:2)
  4 kobolds
23 creatures vanquished.

Notes
Turn   | Place    | Note
-------+----------+-------------------------------------------
     0 | D:1      | ANON1729 the Deep Elf Hunter began the quest for the Orb.
     0 | D:1      | Reached XP level 1. HP: 12/12 MP: 3/3
   450 | D:1      | Reached XP level 2. HP: 17/17 MP: 4/4
   848 | D:2      | Reached XP level 3. HP: 21/21 MP: 5/5
  1667 | D:3      | Noticed Terence
  1676 | D:3      | Slain by Terence

Illustrated notes

Levels and vault maps discovered:
D:1:      dpeg_arrival_round_b, layout_loops_ring, minivault_27
D:2:      layout_basic, kennysheep_generic_room_11
D:3:      layout_rooms, uniq_sigmund, uniq_terence, uniq_robin, uniq_ijyb

Skill      XL: |  1  2 |
---------------+-------+-----
Stealth        | 2 |  2.4
Fighting       | 2 |  2.1
Dodging        | 3 |  3.2
Bows           | |  5.8

Action                   || total
-------------------------++-------
Melee: Short sword       ||     9
 Fire: Shortbow          ||    59
  Use: Potion            ||     1
 Stab: Sleeping          ||     1
Armor: Leather armour    ||     2
Dodge: Dodged            ||    12

Table legend: (Time is in decaauts)
 A = Elapsed time spent in this place.
 B = Non-inter-level travel time spent in this place.
 C = Inter-level travel time spent in this place.
 D = Time resting spent in this place.
 E = Time spent auto-exploring this place.
 F = Levels seen in this place.
 G = Mean time per level.
                   A        B        C        D        E       F      G
               +--------+--------+--------+--------+--------+-----+--------+
         Total |   1674 |   1663 |     11 |      0 |   1517 |   3 |  558.0 |
       Dungeon |   1674 |   1663 |     11 |      0 |   1517 |   3 |  558.0 |
               +--------+--------+--------+--------+--------+-----+--------+

Top non-repeatable levels by time:
     D:2: 972 daAuts
     D:1: 694 daAuts
     D:3: 8 daAuts
